 Dungeon Crawl Stone Soup version 0.25.1-2-g60ff931df9 (console) character file.

Game seed: 11827962061492817882

56 Colgate the Digger (level 3, 19/19 HPs)
             Began as a Gargoyle Earth Elementalist on Aug 22, 2020.
             Was an Initiate of Ashenzari.
             Quit the game on level 2 of the Dungeon.
             The game lasted 00:22:29 (1921 turns).

Colgate the Digger (Gargoyle Earth Elementalist)    Turns: 1921, Time: 00:22:30

Health: 19/19      AC:  7    Str: 11    XL:     3   Next: 97%
Magic:  6/6        EV: 11    Int: 16    God:    Ashenzari [......]
Gold:   87         SH:  0    Dex: 10    Spells: 3/6 levels left

rFire    . . .     SeeInvis .   b - +1 flail
rCold    . . .     Gourm    .   (no shield)
rNeg     + . .     Faith    .   s - +0 leather armour (curse)
rPois    ∞         Spirit   .   (no helmet)
rElec    +         Reflect  .   (no cloak)
rCorr    .         Harm     .   (no gloves)
MR       .....                  p - +0 pair of boots
Stlth    ++........             (no amulet)
HPRegen  0.06/turn              (no ring)
MPRegen  0.10/turn              (no ring)

@: no status effects
A: negative energy resistance 1, electricity resistance, unbreathing,
petrification resistance, rot immunity, AC +3
a: Curse Item, Renounce Religion


You were on level 2 of the Dungeon.
You worshipped Ashenzari.
Ashenzari was noncommittal.
You were not hungry.

You visited 1 branch of the dungeon, and saw 2 of its levels.

You collected 87 gold pieces.

Inventory:

Hand Weapons
 a - a +2 mace of holy wrath
 b - a +1 flail (weapon)
 v - a +0 hunting sling
Missiles
 f - a boomerang
 h - 5 poisoned darts (quivered)
 j - 43 arrows
 t - 90 stones
Armour
 c - a +0 robe
 e - a +0 ring mail
 l - a +0 scale mail
 p - a +0 pair of boots (worn)
 s - a cursed +0 leather armour (worn)
Scrolls
 i - a scroll of enchant weapon
 n - 2 scrolls of teleportation
 q - a scroll of amnesia
 u - a scroll of fog {unknown}
 w - 2 scrolls of remove curse
Potions
 g - a potion of cancellation {unknown}
 k - a potion of heal wounds {unknown}
 m - a potion of curing {unknown}
 o - 2 potions of magic {unknown}
 r - a potion of degeneration {unknown}
 x - a potion of experience {unknown}
 z - a potion of haste {unknown}
Comestibles
 d - 3 rations


   Skills:
 - Level 1.0 Maces & Flails
 + Level 1.0 Throwing
 - Level 1.0 Armour
 - Level 1.5 Dodging
 - Level 2.1 Stealth
 - Level 2.0 Spellcasting
 - Level 0.7 Transmutations
 - Level 5.0 Earth Magic


You had 3 spell levels left.
You knew the following spells:

 Your Spells              Type           Power        Failure   Level  Hunger
a - Sandblast             Erth           ###...       3%          1    #......
b - Passwall              Tmut/Erth      ##......     13%         2    ###....

Your spell library contained the following spells:

 Spells                   Type           Power        Failure   Level  Hunger
 Stone Arrow              Conj/Erth      #.....       28%         3    ###....
 Petrify                  Tmut/Erth      ##......     63%         4    #####..
 Lee's Rapid Deconstruct  Erth           ###.......   67%         5    ######.


Dungeon Overview and Level Annotations

Branches:
Dungeon (2/15)

Altars:
Ashenzari
Elyvilon
Nemelex Xobeh


Innate Abilities, Weirdness & Mutations

You are resistant to torment.
Your stone body is resilient. (AC +3)
You are immune to poison.
You resist negative energy. (rN+)
You are resistant to electric shocks. (rElec)
You can survive without breathing.
You are immune to petrification.
You are immune to rotting.


Message History

Found an uncursed dagger.
A bat comes into view.
Throwing (i - inventory. (/) - cycle)
h - 7 poisoned darts (quivered)
Press: ? - help, Shift-Dir - straight line, f - bat
Aim: a bat You throw a poisoned dart.
The poisoned dart barely misses the bat.
The bat misses you.
You barely miss the bat. The bat hits you but does no damage.
Throwing (i - inventory. (/) - cycle)
h - 6 poisoned darts (quivered)
Press: ? - help, Shift-Dir - straight line, f/p - bat
Aim: a bat You throw a poisoned dart.
The poisoned dart hits the bat.
The bat is poisoned.
The bat hits you but does no damage.
You sock the bat!
You kill the bat!
Your Throwing skill increases to level 1!
Are you sure you want to abandon this character and quit the game? (Confirm with "yes".)
Okay, then.
Unknown command.
Are you sure you want to abandon this character and quit the game? (Confirm with "yes".)

...#.........###..###
...#.<#####.........#####
....>.### ##............######
........###..##.###...P......#
...#........###.# #P.♣P...)..#
........##..# #.# #P.P♣.P÷...#
...........(###.###.P.♣.P....#
###.....##...........PP♣♣P...#
###.....###........##P..♣P.P##
.##.....# #........###.♣P♣♣P#
.######.# #.....@..#*##.,,♣P#
.#......# #....)....#***,,..#
........# #.............,,.##
.......## #........#...#****
##...<.# #............#
.####### #........#...# .#
#.....(..##### .# ##########
.# .# ##


There were no monsters in sight!

Vanquished Creatures
  A worm (D:2)
  3 dart slugs
  3 orcs (D:2)
  A ball python (D:2)
  9 bats
  2 giant cockroaches (D:2)
  4 goblins
  9 hobgoblins
  4 kobolds
  2 frilled lizards
  3 rats
  A bush (D:2)
42 creatures vanquished.

Notes
Turn   | Place    | Note
-------+----------+-------------------------------------------
     0 | D:1      | Colgate the Gargoyle Earth Elementalist began the quest for
                  | the Orb.
     0 | D:1      | Reached XP level 1. HP: 10/10 MP: 3/3
    91 | D:1      | Reached skill level 4 in Earth Magic
   129 | D:1      | Reached XP level 2. HP: 15/15 MP: 3/5
   841 | D:2      | Reached XP level 3. HP: 19/19 MP: 4/6
   868 | D:2      | Reached skill level 5 in Earth Magic
   958 | D:2      | Reached skill level 1 in Armour
  1254 | D:2      | Found a shattered altar of Ashenzari.
  1260 | D:2      | Found a sparkling altar of Nemelex Xobeh.
  1298 | D:2      | Found a white marble altar of Elyvilon.
  1306 | D:2      | Reached skill level 1 in Maces & Flails
  1352 | D:2      | Became a worshipper of Ashenzari the Shackled
  1447 | D:2      | Learned a level 2 spell: Passwall
  1920 | D:2      | Reached skill level 1 in Throwing
  1921 | D:2      | Quit the game

Illustrated notes

Levels and vault maps discovered:
D:1:      wander_arrival_abandoned_jail, layout_rooms
D:2:      layout_rooms, lemuel_round_altar, old_standard_altar,
          overflow_temple_1_default, serial_forest,
          infiniplex_forest_clump_large, infiniplex_forest_clump_diagonal,
          infiniplex_forest_straight_3, infiniplex_forest_zigzag_1,
          minmay_randomly_rotated_circles

Skill      XL: |  1  2  3 |
---------------+----------+-----
Earth Magic    | 4 5 |  5.0
Armour         | 1 |  1.0
Maces & Flails | 1 |  1.0
Throwing       | 1 |  1.0
Dodging        | |  1.5
Stealth        | |  2.1
Spellcasting   | |  2.0
Transmutations | |  0.7

Action                   || total
-------------------------++-------
Melee: Mace              ||    39
       Flail             ||   118
Throw: Dart              ||    46
       Boomerang         ||    20
 Cast: Sandblast         ||    25
  Use: Scroll            ||     4
 Stab: Sleeping          ||     2
  Eat: Chunk             ||     4
Armor: Ring mail         ||    24
       Leather armour    ||    22
Dodge: Dodged            ||    66
